AAA EAST
NORFOLK TIDES @ OMAHA STORM CHASERS
06/14/2042
 
TOP OF THE 1ST
Norfolk Tides batting - Pitching for Omaha Storm Chasers : RHP Joaquín López
Pitching: RHP Joaquín López
Batting: RHB Greg Clay 0-0: Called Strike
0-1: Foul Ball, location: 2F
0-2: Ball
1-2: Foul Ball, location: 23F
1-2: Foul Ball, location: 2F
1-2: Ball
2-2: Foul Ball, location: 3FF
2-2: Strikes out looking
Batting: RHB Lionardo Falder 0-0: Ball
1-0: Ground out 6-3 (Groundball, 6M, EV 103.8 MPH)
Batting: LHB Jeff Hodge 0-0: Swinging Strike
0-1: Ball
1-1: Ball
2-1: Foul Ball, location: 2F
2-2: Ball
3-2: Foul Ball, location: 3F
3-2: Foul Ball, location: 7LSF
3-2: Ground out 6-3 (Groundball, 6, EV 92.5 MPH)
Top of the 1st over - 0 runs, 0 hits, 0 errors, 0 left on base; Norfolk 0 - Omaha 0
BOTTOM OF THE 1ST
Omaha Storm Chasers batting - Pitching for Norfolk Tides : RHP Jorge Arguelles
Pitching: RHP Jorge Arguelles
Batting: RHB Steve Anderson 0-0: Called Strike
0-1: Ball
1-1: Foul Ball, location: 9LDF
1-2: DOUBLE (Line Drive, 89M, EV 94.4 MPH)
Batting: RHB Pat Baldwin 0-0: Ball
1-0: Fly out, F9 (Line Drive, 9S, EV 93.8 MPH)
Batting: LHB Jorge Martínez 0-0: Ball
1-0: Foul Ball, location: 3SF
1-1: Called Strike
1-2: Ball
2-2: Ball
3-2: Fly out, F9 (Flyball, 9LMF, EV 98.8 MPH)
Batting: LHB José González 0-0: Ball
1-0: Called Strike
1-1: Fly out, F9 (Flyball, 89M, EV 97.5 MPH)
Bottom of the 1st over - 0 runs, 1 hit, 0 errors, 1 left on base; Norfolk 0 - Omaha 0
TOP OF THE 2ND
Norfolk Tides batting - Pitching for Omaha Storm Chasers : RHP Joaquín López
Batting: LHB Cristo Guerrero 0-0: Called Strike
0-1: Fly out, F9 (Line Drive, 89D, EV 97.5 MPH)
Batting: RHB Chuck Lee 0-0: Ball
1-0: Fly out, F7 (Flyball, 78S, EV 75.6 MPH)
Batting: RHB Tommy Reyna 0-0: Ground out 6-3 (Groundball, 6, EV 60.0 MPH)
Top of the 2nd over - 0 runs, 0 hits, 0 errors, 0 left on base; Norfolk 0 - Omaha 0
BOTTOM OF THE 2ND
Omaha Storm Chasers batting - Pitching for Norfolk Tides : RHP Jorge Arguelles
Batting: LHB Luis Caro 0-0: Swinging Strike
0-1: Swinging Strike
0-2: Ball
1-2: Ball
2-2: Strikes out swinging
Batting: RHB Gil Reynolds 0-0: Ball
1-0: Ball
2-0: Called Strike
2-1: Swinging Strike
2-2: Ball
3-2: Base on Balls
Batting: LHB José Villa 0-0: Ball
1-0: Foul Ball, location: 2LF
1-1: Ball
2-1: Foul Ball, location: 7LSF
2-2: Strikes out swinging
Batting: SHB Joe Lund 0-0: DOUBLE (Line Drive, 89XD, EV 111.3 MPH)
Gil Reynolds to third
Batting: LHB Kevin Gray 0-0: Called Strike
0-1: Ball
1-1: Foul Ball, location: 5SF
1-2: Ball
2-2: Ground out 2-3 (Groundball, 15S, EV 65.6 MPH)
Bottom of the 2nd over - 0 runs, 1 hit, 0 errors, 2 left on base; Norfolk 0 - Omaha 0
TOP OF THE 3RD
Norfolk Tides batting - Pitching for Omaha Storm Chasers : RHP Joaquín López
Batting: RHB Jerry Powell 0-0: Swinging Strike
0-1: Ground out 4-3 (Groundball, 4, EV 103.1 MPH)
Batting: RHB Conor Corbet 0-0: Called Strike
0-1: Called Strike
0-2: Ball
1-2: SINGLE (Groundball, 6MD, EV 95.6 MPH)
Batting: RHB Lúcio Nereida 0-0: Ball
1-0: Swinging Strike
1-1: Swinging Strike
1-2: Ball
2-2: Ball
3-2: Base on Balls
Conor Corbet to second
Batting: RHB Greg Clay 0-0: Called Strike
0-1: Grounds into double play, U5-3 (Groundball, 5L, EV 89.4 MPH)
Top of the 3rd over - 0 runs, 1 hit, 0 errors, 1 left on base; Norfolk 0 - Omaha 0
BOTTOM OF THE 3RD
Omaha Storm Chasers batting - Pitching for Norfolk Tides : RHP Jorge Arguelles
Batting: RHB Steve Anderson 0-0: Hit by Pitch
Batting: RHB Pat Baldwin 0-0: Called Strike
Steve Anderson steals 2nd base (no throw)
0-1: Bunt - Flyout to 15! F1
Batting: LHB Jorge Martínez 0-0: Called Strike
0-1: Ground out U3 (Groundball, 3S, EV 85.6 MPH)
Steve Anderson to third
Batting: LHB José González 0-0: Ball
1-0: SINGLE (Line Drive, 4M, EV 98.8 MPH)
Steve Anderson scores
Batting: LHB Luis Caro 0-0: Ball
1-0: Ball
José González steals 2nd base
2-0: Ball
3-0: Called Strike
3-1: DOUBLE (Line Drive, 89M, EV 81.3 MPH)
José González scores
Batting: RHB Gil Reynolds 0-0: Ball
1-0: Called Strike
1-1: DOUBLE (Flyball, 89D, EV 104.4 MPH)
Luis Caro scores
Batting: LHB José Villa 0-0: Swinging Strike
0-1: Swinging Strike
0-2: Foul Ball, location: 3F
0-2: Ball
1-2: Foul Ball, location: 7LDF
1-2: Strikes out swinging
Bottom of the 3rd over - 3 runs, 3 hits, 0 errors, 1 left on base; Norfolk 0 - Omaha 3
TOP OF THE 4TH
Norfolk Tides batting - Pitching for Omaha Storm Chasers : RHP Joaquín López
Batting: RHB Lionardo Falder 0-0: Ball
1-0: Called Strike
1-1: Foul Ball, location: 7LSF
1-2: Ball
2-2: Ball
3-2: Base on Balls
Batting: LHB Jeff Hodge 0-0: Called Strike
0-1: Fly out, F7 (Flyball, 7S, EV 92.5 MPH)
Batting: LHB Cristo Guerrero 0-0: Ball
1-0: Ball
2-0: Called Strike
2-1: Foul Ball, location: 2F
2-2: Ball
3-2: Fly out, F4 (Popup, 4, EV 68.8 MPH)
Batting: RHB Chuck Lee 0-0: Ball
1-0: Fielders Choice at 2nd, 6-4 (Groundball, 6, EV 93.8 MPH)
Top of the 4th over - 0 runs, 0 hits, 0 errors, 1 left on base; Norfolk 0 - Omaha 3
BOTTOM OF THE 4TH
Omaha Storm Chasers batting - Pitching for Norfolk Tides : RHP Jorge Arguelles
Batting: SHB Joe Lund 0-0: SINGLE (Groundball, 34D, EV 95.0 MPH)
Batting: LHB Kevin Gray 0-0: Bunt missed!
0-1: Sac Bunt to 25 - play at second, runner OUT! 5-6
Batting: RHB Steve Anderson 0-0: Ball
Kevin Gray steals 2nd base
1-0: Called Strike
Kevin Gray is caught stealing 3rd base 2-5
1-1: Swinging Strike
1-2: Strikes out looking
Bottom of the 4th over - 0 runs, 1 hit, 0 errors, 0 left on base; Norfolk 0 - Omaha 3
TOP OF THE 5TH
Norfolk Tides batting - Pitching for Omaha Storm Chasers : RHP Joaquín López
Batting: RHB Tommy Reyna 0-0: Ball
1-0: Ball
2-0: Swinging Strike
2-1: Ball
3-1: Swinging Strike
3-2: Strikes out looking
Batting: RHB Jerry Powell 0-0: Ball
1-0: Ball
2-0: Foul Ball, location: 3DF
2-1: SINGLE (Line Drive, 8RS, EV 108.8 MPH)
Batting: RHB Conor Corbet 0-0: Ball
1-0: Called Strike
1-1: Ball
2-1: Foul Ball, location: 2F
2-2: Strikes out swinging
Batting: RHB Lúcio Nereida 0-0: Ball
1-0: Called Strike
1-1: Fly out, F9 (Flyball, 9LS, EV 90.6 MPH)
Top of the 5th over - 0 runs, 1 hit, 0 errors, 1 left on base; Norfolk 0 - Omaha 3
BOTTOM OF THE 5TH
Omaha Storm Chasers batting - Pitching for Norfolk Tides : RHP Jorge Arguelles
Batting: RHB Pat Baldwin 0-0: SINGLE (Groundball, 6, EV 103.8 MPH)
Batting: LHB Jorge Martínez 0-0: Called Strike
0-1: Ball
1-1: Swinging Strike
1-2: Fielders Choice at 2nd, 3-6 (Groundball, 3, EV 88.8 MPH)
Batting: LHB José González 0-0: Ball
1-0: Ball
2-0: Ball
3-0: Called Strike
3-1: SINGLE (Line Drive, 89M, EV 89.4 MPH)
Jorge Martínez to second
Batting: LHB Luis Caro 0-0: Ball
1-0: Fly out, F7 (Flyball, 7LM, EV 100.0 MPH)
Batting: RHB Gil Reynolds 0-0: Swinging Strike
0-1: Foul Ball, location: 2LF
0-2: Ball
1-2: Foul Ball, location: 3DF
1-2: Strikes out swinging
Bottom of the 5th over - 0 runs, 2 hits, 0 errors, 2 left on base; Norfolk 0 - Omaha 3
TOP OF THE 6TH
Norfolk Tides batting - Pitching for Omaha Storm Chasers : RHP Joaquín López
Batting: RHB Greg Clay 0-0: Fly out, F9 (Flyball, 9LS, EV 80.6 MPH)
Batting: RHB Lionardo Falder 0-0: SINGLE (Groundball, 23, EV 63.8 MPH) (infield hit)
Batting: LHB Jeff Hodge 0-0: Ball
1-0: Ball
2-0: Called Strike
2-1: Foul Ball, location: 5F
2-2: Strikes out swinging
Batting: LHB Cristo Guerrero 0-0: Ball
1-0: Called Strike
1-1: Swinging Strike
1-2: Ball
2-2: Ball
Lionardo Falder steals 2nd base
3-2: Strikes out swinging
Top of the 6th over - 0 runs, 1 hit, 0 errors, 1 left on base; Norfolk 0 - Omaha 3
BOTTOM OF THE 6TH
Omaha Storm Chasers batting - Pitching for Norfolk Tides : RHP Jorge Arguelles
Batting: LHB José Villa 0-0: Ball
1-0: Foul Ball, location: 2F
1-1: Foul Ball, location: 2RF
1-2: Ground out 5-3 (Groundball, 56S, EV 68.1 MPH)
Batting: SHB Joe Lund 0-0: Foul Ball, location: 3F
0-1: Called Strike
0-2: Ball
1-2: Ball
2-2: Ball
3-2: Foul Ball, location: 3SF
3-2: DOUBLE (Flyball, 8RXD, EV 90.6 MPH)
Batting: LHB Kevin Gray 0-0: Fly out, F8 (Line Drive, 8RD, EV 88.8 MPH)
Batting: RHB Steve Anderson 0-0: Swinging Strike
0-1: Foul Ball, location: 2F
0-2: Fly out, F9 (Flyball, 9, EV 88.1 MPH)
Bottom of the 6th over - 0 runs, 1 hit, 0 errors, 1 left on base; Norfolk 0 - Omaha 3
TOP OF THE 7TH
Norfolk Tides batting - Pitching for Omaha Storm Chasers : RHP Joaquín López
Batting: RHB Chuck Lee 0-0: Ball
1-0: Ground out 6-3 (Groundball, 6M, EV 110.0 MPH)
Batting: RHB Tommy Reyna 0-0: Ball
1-0: Called Strike
1-1: Ball
2-1: Foul Ball, location: 2F
2-2: Ball
3-2: Base on Balls
Batting: RHB Jerry Powell 0-0: Called Strike
0-1: Swinging Strike
0-2: Ball
1-2: Ball
2-2: Strikes out swinging
Batting: RHB Conor Corbet 0-0: Called Strike
0-1: Ball
1-1: Swinging Strike
1-2: Ball
2-2: Strikes out swinging
Top of the 7th over - 0 runs, 0 hits, 0 errors, 1 left on base; Norfolk 0 - Omaha 3
BOTTOM OF THE 7TH
Omaha Storm Chasers batting - Pitching for Norfolk Tides : RHP Jorge Arguelles
Batting: RHB Pat Baldwin 0-0: Ball
1-0: Ball
2-0: Called Strike
2-1: Ground out 4-3 (Groundball, 4, EV 83.1 MPH)
Batting: LHB Jorge Martínez 0-0: Ball
1-0: Foul Ball, location: 2F
1-1: Swinging Strike
1-2: Strikes out looking
Batting: LHB José González 0-0: Ball
1-0: Ball
2-0: Ball
3-0: Fly out, F9 (Flyball, 9, EV 89.4 MPH)
Bottom of the 7th over - 0 runs, 0 hits, 0 errors, 0 left on base; Norfolk 0 - Omaha 3
TOP OF THE 8TH
Norfolk Tides batting - Pitching for Omaha Storm Chasers : RHP Joaquín López
Batting: RHB Lúcio Nereida 0-0: Called Strike
0-1: Foul Ball, location: 3DF
0-2: Strikes out swinging
Batting: RHB Greg Clay 0-0: Ground out 4-3 (Groundball, 4M, EV 105.6 MPH)
Batting: RHB Lionardo Falder 0-0: Ball
1-0: Ball
2-0: Ball
3-0: Called Strike
3-1: DOUBLE (Groundball, 3L, EV 103.8 MPH)
Batting: LHB Jeff Hodge 0-0: 2-RUN HOME RUN (Flyball, 9D, EV 99.4 MPH), Distance : 368 ft
Batting: LHB Cristo Guerrero 0-0: Foul Ball, location: 2F
0-1: Foul Ball, location: 9LMF
0-2: Ball
1-2: Ball
2-2: Hit by Pitch
Pitching: RHP Cal Griffin
Batting: RHB Chuck Lee 0-0: Fly out, F8 (Flyball, 8LD, EV 95.6 MPH)
Top of the 8th over - 2 runs, 2 hits, 0 errors, 1 left on base; Norfolk 2 - Omaha 3
BOTTOM OF THE 8TH
Omaha Storm Chasers batting - Pitching for Norfolk Tides : RHP Jorge Arguelles
Pitching: RHP Artie Smith
Batting: LHB Luis Caro 0-0: Ball
1-0: Called Strike
1-1: Ball
2-1: Fly out, F2 (Popup, 25F, EV 83.8 MPH)
Batting: RHB Gil Reynolds 0-0: SINGLE (Line Drive, 8RS, EV 97.5 MPH)
Batting: LHB José Villa 0-0: Foul Ball, location: 2F
0-1: Swinging Strike
0-2: SINGLE (Line Drive, 8RS, EV 103.8 MPH)
Gil Reynolds to second
Pinch Runner at 2nd Luis Hernández:
Batting: SHB Joe Lund 0-0: Ball
1-0: Swinging Strike
1-1: Foul Ball, location: 2F
1-2: Foul Ball, location: 2F
1-2: Ball
Wild Pitch!
Luis Hernández to third
José Villa to second
2-2: Ball
3-2: Intentional Walk
Batting: LHB Kevin Gray 0-0: Foul Ball, location: 5F
0-1: Ball
1-1: Fly out, F7 (Flyball, 78M, EV 95.6 MPH)
Runner from 3rd tags up, SCORES, no throw by LF
Batting: RHB Steve Anderson 0-0: Ball
1-0: Foul Ball, location: 23F
1-1: Ball
2-1: Fly out, F9 (Flyball, 9D, EV 94.4 MPH)
Bottom of the 8th over - 1 run, 2 hits, 0 errors, 2 left on base; Norfolk 2 - Omaha 4
TOP OF THE 9TH
Norfolk Tides batting - Pitching for Omaha Storm Chasers : RHP Cal Griffin
Pitching: LHP Héctor Ayala
Now at 2B: Pat Baldwin
Now at 3B: Tim Thurman
Now in LF: Luis Hernández
Now in RF: Darryl Joseph
Batting: RHB Tommy Reyna 0-0: Called Strike
0-1: Called Strike
0-2: Strikes out swinging
Batting: RHB Jerry Powell 0-0: Called Strike
0-1: Foul Ball, location: 25F
0-2: Foul Ball, location: 2F
0-2: Foul Ball, location: 5FF
0-2: Foul Ball, location: 2LF
0-2: Ball
1-2: Foul Ball, location: 9LMF
1-2: Ball
2-2: Strikes out swinging
Batting: RHB Conor Corbet 0-0: Ball
1-0: Called Strike
1-1: Ball
2-1: Foul Ball, location: 5DF
2-2: Ball
3-2: Ground out 5-3 (Groundball, 56S, EV 84.4 MPH)
Top of the 9th over - 0 runs, 0 hits, 0 errors, 0 left on base; Norfolk 2 - Omaha 4
Friday, May 3rd , 2024 - OOTP Baseball 24.10 Build 82